 Dungeon Crawl Stone Soup version 0.30-a0-39-g42789b21ef (webtiles) character file.

Game seed: 14196746670887137373

5 frimble the Gusty (level 1, 0/13 HPs)
             Began as a Demonspawn Air Elementalist on Aug 28, 2022.
             Slain by a jackal (2 damage)
             ... on level 1 of the Dungeon.
             The game lasted 00:00:14 (89 turns).

frimble the Gusty (Demonspawn Air Elementalist)       Turns: 89, Time: 00:00:15

Health: 0/13       AC:  2    Str:  8    XL:     1   Next: 66%
Magic:  3/3        EV: 12    Int: 16    God:
Gold:   6          SH:  0    Dex: 13    Spells: 3/4 levels left

rFire   . . .      SeeInvis .    c - +0 sling
rCold   . . .      Faith    .    (no shield)
rNeg    . . .      Spirit   .    a - +0 robe
rPois   .          Reflect  .    (no helmet)
rElec   .          Harm     .    (no cloak)
rCorr   .          Rampage  .    (no gloves)
Will    .....                    (no boots)
Stlth   ++........               (no amulet)
HPRegen 0.04/turn                (no ring)
MPRegen 0.08/turn                (no ring)

@: no status effects
A: no striking features
a: no special abilities


You were on level 1 of the Dungeon.
You visited 1 branch of the dungeon, and saw 1 of its levels.

You collected 6 gold pieces.

Inventory:

Hand Weapons
 c - a +0 sling (weapon)
Armour
 a - a +0 robe (worn)
Potions
 b - a potion of magic


   Skills:
 + Level 0.8 Ranged Weapons
 - Level 1.8 Dodging
 - Level 1.8 Stealth
 - Level 2.0 Spellcasting
 - Level 1.0 Conjurations
 - Level 2.7 Air Magic


You had 3 spell levels left.
You knew the following spells:

 Your Spells              Type           Power      Damage    Failure   Level
a - Shock                 Conj/Air       28%        1d4       10%         1

Your spell library contained the following spells:

 Spells                   Type           Power      Damage    Failure   Level
 Static Discharge         Conj/Air       14%        3-4/arc   14%         2
 Swiftness                Air            10%        N/A       21%         3
 Airstrike                Air            5%         2d(1-17)  56%         4


Dungeon Overview and Level Annotations

Branches:
Dungeon (1/15)

Altars:


Message History

Fire: c) +0 sling
Press: ? - help, Q - select action, (/) - cycle Shift-Dir - straight line, f/p - jackal
Aim: a jackal (heavily wounded, 43% to hit)
You shoot a sling bullet.
The sling bullet barely misses the jackal.
The jackal bites you. The jackal closely misses you.
Fire: c) +0 sling
Press: ? - help, Q - select action, (/) - cycle Shift-Dir - straight line, f/p - jackal
Aim: a jackal (heavily wounded, 43% to hit)
You shoot a sling bullet.
The sling bullet closely misses the jackal.
The jackal bites you.
* * * LOW HITPOINT WARNING * * *
Fire: c) +0 sling
Press: ? - help, Q - select action, (/) - cycle Shift-Dir - straight line, f/p - jackal
Aim: a jackal (moderately wounded, 43% to hit)
You shoot a sling bullet.
The sling bullet hits the jackal but does no damage.
The jackal is moderately wounded.
The jackal closely misses you. The jackal barely misses you.
Fire: c) +0 sling
Press: ? - help, Q - select action, (/) - cycle Shift-Dir - straight line, f/p - jackal
Aim: a jackal (moderately wounded, 43% to hit)
You shoot a sling bullet. The sling bullet hits the jackal.
The jackal is severely wounded.
The jackal misses you. The jackal bites you.
* * * LOW HITPOINT WARNING * * *
Fire: c) +0 sling
Press: ? - help, Q - select action, (/) - cycle Shift-Dir - straight line, f/p - jackal
Aim: a jackal (severely wounded, 43% to hit)
You shoot a sling bullet.
The sling bullet closely misses the jackal.
The jackal barely misses you. The jackal closely misses you.
Fire: c) +0 sling
Press: ? - help, Q - select action, (/) - cycle Shift-Dir - straight line, f/p - jackal
Aim: a jackal (severely wounded, 43% to hit)
You shoot a sling bullet.
The sling bullet barely misses the jackal.
The jackal barely misses you. The jackal bites you.
You die...

#.# ### #####.# #..
#.....# #.# .....# #.#
#...# #.# #..#####.#
#######.. #..##....#
#)..K...S ##........#
#h# ####..≈≈≈≈...###@###
.....≈≈≈≈≈≈........#
.><..≈≈≈≈≈≈..#.#.#.###..
.....≈≈≈≈≈≈.............
.##...≈≈≈≈..##.#.####...
...........###.#.# ..
####.###..# #...# † #.#
#..# ###.. .. #... #.#


You could see a jackal.

Vanquished Creatures
  An endoplasm (D:1)
  A jackal (D:1)
  A ball python (D:1)
  A bat (D:1)
  A frilled lizard (D:1)
  A kobold (D:1)
6 creatures vanquished.

Notes
Turn   | Place    | Note
-------+----------+-------------------------------------------
     0 | D:1      | frimble the Demonspawn Air Elementalist began the quest for
                  | the Orb.
     0 | D:1      | Reached XP level 1. HP: 13/13 MP: 3/3
    89 | D:1      | Slain by a jackal

Illustrated notes

Levels and vault maps discovered:
D:1:      dpeg_arrival_pits, layout_loops_ring, serial_shops, shop_coins,
          hellmonk_ecumenical_altar_lost_god

Action                   || total
-------------------------++-------
 Fire: Sling             ||    22
 Cast: Shock             ||     3
Armor: Robe              ||     6
Dodge: Dodged            ||    24

Table legend: (Time is in decaauts)
 A = Elapsed time spent in this place.
 B = Non-inter-level travel time spent in this place.
 C = Inter-level travel time spent in this place.
 D = Time resting spent in this place.
 E = Time spent auto-exploring this place.
 F = Levels seen in this place.
 G = Mean time per level.
                   A        B        C        D        E       F      G
               +--------+--------+--------+--------+--------+-----+--------+
         Total |     96 |     96 |      0 |      0 |     52 |   1 |   96.0 |
       Dungeon |     96 |     96 |      0 |      0 |     52 |   1 |   96.0 |
               +--------+--------+--------+--------+--------+-----+--------+

Top non-repeatable levels by time:
     D:1: 96 daAuts
